 Dungeon Crawl Stone Soup version 0.16-a0-4115-ga5ed934 (webtiles) character file.

4736 abixa the Carver (level 10, 0/67 HPs)
             Began as a Human Gladiator on Mar 1, 2015.
             Was a Follower of Ashenzari.
             Slain by a wolf (4 damage)
             ... on level 8 of the Dungeon.
             The game lasted 00:48:52 (11234 turns).

abixa the Carver (Human Gladiator)                 Turns: 11234, Time: 00:48:52

Health: 0/67       AC: 16    Str: 16    XL:     10   Next: 74%
Magic:  10/10      EV: 14    Int: 12    God:    Ashenzari [*.....]
Gold:   434        SH:  0    Dex: 13    Spells: 0 memorised, 9 levels left

rFire  x . .     SeeInvis .     a - +0 long sword (curse)
rCold  + + .     Clarity  +     E - +0 ice dragon armour (curse)
rNeg   . . .     SustAb   .     (no shield)
rPois  .         Gourm    .     c - +0 helmet (curse)
rElec  .         Spirit   .     i - +1 cloak (curse)
rCorr  .         Warding  .     (no gloves)
rMut   .         Stasis   .     (no boots)
MR     .....                    y - amulet of clarity (curse)
Stlth  ..........               (no ring)
                                n - +2 ring of evasion (curse)

@: very slightly contaminated, hasted, drained, very quick, not resistant to
hostile enchantments, extremely unstealthy
A: no striking features
a: Renounce Religion


You were on level 8 of the Dungeon.
You worshipped Ashenzari.
Ashenzari was aware of your devotion.
You were very hungry.

You visited 3 branches of the dungeon, and saw 11 of its levels.

You collected 434 gold pieces.

Inventory:

Hand weapons
 a - a cursed +0 long sword (weapon)
 N - a +3 scimitar
Missiles
 d - 3 throwing nets
 q - 238 stones
 r - 5 javelins of penetration
 B - 6 tomahawks (quivered)
Armour
 c - a cursed +0 helmet (worn)
 i - a cursed +1 cloak (worn)
 E - a cursed +0 ice dragon armour (worn)
 M - a +0 plate armour
Jewellery
 n - a cursed +2 ring of evasion (left hand)
 t - an uncursed amulet of resist corrosion
 y - a cursed amulet of clarity (around neck)
Magical devices
 u - a wand of magic darts (2)
 I - a wand of confusion (0)
Scrolls
 e - a scroll of immolation
 o - a scroll of curse armour
 v - a scroll of fog
 D - 2 scrolls of fear
 O - 2 scrolls of magic mapping
 P - 2 scrolls of curse weapon
Potions
 k - a potion of ambrosia
 m - 3 potions of curing
 z - a potion of lignification
Comestibles
 f - 5 bread rations
 L - a fruit


   Skills:
 - Level 2.0(1.7) Fighting
 * Level 10.7(10.4) Long Blades
 - Level 2.0(1.7) Throwing
 - Level 9.0(8.7) Armour
 - Level 7.0(6.7) Dodging


You had 9 spell levels left.
You didn't know any spells.

Dungeon Overview and Level Annotations

Branches:
Dungeon (8/15)             Temple (1/1) D:7            Lair (2/8) D:8

Altars:
Ashenzari
Cheibriados
Dithmenos
Elyvilon
Fedhas
Gozag
Kikubaaqudgha
Makhleb
Nemelex Xobeh
Okawaru
Qazlal
Ru
Sif Muna
Trog
Vehumet
Xom
Yredelemnul
Zin
The Shining One

Shops:
D:3 *

Annotations:
D:7 exclusion: oklob plant
Lair:1 Nergalle


Message History

The wolf barely misses you.
An orc comes into view. It is wielding a hand axe.
The orc shouts!
You hit the wolf.
The wolf is lightly wounded.
The wolf bites you.
* * * LOW HITPOINT WARNING * * *
You hit the wolf.
The wolf is moderately wounded.
The wolf barely misses you.
You closely miss the wolf.
The wolf is moderately wounded.
The wolf closely misses you.
You hit the wolf.
The wolf is heavily wounded.
The wolf bites you but does no damage. The wolf bites you!
* * * LOW HITPOINT WARNING * * *
The wolf bites you.
You die...

#..##........#.#
#...#..........###.
#..(..#.#............
####.)#....#..#.#........
.....###.................#
..#<(###.................##
####.##......##.......##..##
#..#......#.............#
##.##........##@........# .
#..#..#.....###h........#..
###..........#..r.........#
# #..................r...###
#
#..###....##................
# ###
##..####....o..>.....##. #
####..y..<...............# #
##.#...###....r..o.........
# #...y###
##................


You could see a wolf, a hell rat, a porcupine, 2 orcs and a rat.

Vanquished Creatures
  Pikel (D:4)
  2 hungry ghosts
  3 wolves
  2 porcupines
  7 ogres
  An orc warrior (D:7)
  4 slaves (D:5)
  2 ice beasts
  3 sky beasts
  5 centaurs
  Duvessa (D:7)
  2 crocodiles (D:8)
  2 giant frogs
  A gnoll sergeant (D:7)
  A scorpion (D:6)
  5 goliath beetles
  Dowan (D:7)
  4 jellies (D:7)
  3 crimson imps
  2 hounds
  6 wights
  An orc priest (D:6)
  6 worker ants
  7 orc wizards
  A killer bee zombie (D:8)
  2 hound zombies (D:7)
  6 gnolls (D:7)
  9 adders
  A shadow imp (D:7)
  7 worms
  An adder skeleton (D:8)
  14 oozes
  22 orcs
  A bat skeleton (D:4)
  6 giant cockroaches
  13 goblins
  14 hobgoblins
  3 jackals (D:5)
  8 kobolds
  6 quokkas
  A ball python (D:3)
  14 bats
  5 giant geckos
  6 giant newts
  A jackal skeleton (D:4)
  2 quokka skeletons
  A quokka zombie (D:5)
  15 rats
231 creatures vanquished.

Vanquished Creatures (others)
  5 fungi (D:7)
5 creatures vanquished.

Grand Total: 236 creatures vanquished

Notes
Turn   | Place    | Note
--------------------------------------------------------------
     0 | D:1      | abixa, the Human Gladiator, began the quest for the Orb.
     0 | D:1      | Reached XP level 1. HP: 16/16 MP: 1/1
   233 | D:1      | Reached XP level 2. HP: 22/22 MP: 2/2
   793 | D:2      | Reached skill level 4 in Long Blades
   793 | D:2      | Reached XP level 3. HP: 27/27 MP: 3/3
  1168 | D:3      | Noticed a sky beast
  1277 | D:3      | Reached XP level 4. HP: 15/33 MP: 4/4
  1517 | D:3      | Found Zin's Purification Station.
  1519 | D:3      | Found a glowing silver altar of Zin.
  1610 | D:3      | Reached skill level 5 in Long Blades
  1787 | D:3      | Reached XP level 5. HP: 38/38 MP: 5/5
  1810 | D:3      | Noticed an ogre
  1822 | D:3      | HP: 1/38 [ogre/giant club (20)]
  2520 | D:3      | Reached skill level 6 in Long Blades
  3148 | D:4      | Noticed an ogre
  3159 | D:4      | Killed an ogre
  3159 | D:4      | Reached XP level 6. HP: 24/44 MP: 6/6
  3609 | D:4      | Noticed an ogre
  3671 | D:3      | Killed an ogre
  3671 | D:3      | Reached skill level 7 in Long Blades
  3869 | D:4      | Noticed an ogre
  3877 | D:4      | Killed an ogre
  3877 | D:4      | Reached XP level 7. HP: 50/50 MP: 7/7
  4130 | D:4      | Found a basalt altar of Yredelemnul.
  4241 | D:4      | Reached skill level 8 in Long Blades
  4377 | D:5      | Entered Level 5 of the Dungeon
  4603 | D:5      | Reached XP level 8. HP: 48/56 MP: 8/8
  4902 | D:4      | Got an iridescent mace
  5273 | D:5      | Noticed Pikel
  5806 | D:3      | Killed a sky beast
  5806 | D:3      | Reached skill level 5 in Armour
  5925 | D:4      | Killed Pikel
  5925 | D:4      | Reached XP level 9. HP: 46/61 MP: 9/9
  6394 | D:6      | Found a bloodstained altar of Trog.
  6438 | D:5      | Reached skill level 5 in Dodging
  6683 | D:7      | Found a snail-covered altar of Cheibriados.
  6683 | D:7      | Found a sacrificial altar of Ru.
  6896 | D:7      | Found a staircase to the Ecumenical Temple.
  6904 | Temple   | Entered the Ecumenical Temple
  6951 | Temple   | Became a worshipper of Ashenzari the Shackled
  6996 | Temple   | Identified the +9 mace of Ahoodoec {speed, rPois rF- Str+2 Int+4 Dex+4} (You took it off an orc wizard on level 4 of the Dungeon)
  7007 | D:7      | Noticed Duvessa
  8677 | D:7      | Killed Duvessa
  8761 | D:7      | Found an iron altar of Okawaru.
  8769 | D:7      | Noticed Dowan
  8807 | D:7      | Killed Dowan
  8958 | D:7      | Reached XP level 10. HP: 64/67 MP: 10/10
  9003 | D:7      | Found an ancient bone altar of Kikubaaqudgha.
  9219 | D:6      | Reached skill level 9 in Long Blades
  9525 | D:7      | Noticed an oklob plant
 10211 | D:8      | Found a staircase to the Lair.
 10649 | D:8      | Reached skill level 10 in Long Blades
 10950 | Lair:1   | Entered Level 1 of the Lair of Beasts
 11013 | Lair:1   | Noticed Nergalle
 11142 | Lair:2   | Noticed a spiny frog
 11230 | D:8      | HP: 3/67 [wolf (7)]
 11234 | D:8      | Slain by a wolf

Action                   |  1- 3 |  4- 6 |  7- 9 | 10-12 || total
-------------------------+-------+-------+-------+-------++-------
Melee: Long sword        |    65 |   159 |   615 |   448 ||  1287
 Fire: Hunting sling     |    17 |    73 |    35 |       ||   125
       Blowgun           |       |       |    26 |       ||    26
Throw: Stone             |     8 |     5 |       |       ||    13
       Tomahawk          |       |       |    28 |    25 ||    53
Evoke: Wand              |       |     2 |     5 |     7 ||    14
  Use: Scroll            |       |       |    15 |     1 ||    16
       Potion            |       |       |       |     1 ||     1
  Eat: Chunk             |       |     8 |    16 |    10 ||    34
       Fruit             |       |       |     3 |       ||     3
